 Dungeon Crawl Stone Soup version 0.30-a0-341-g682706514a (webtiles) character file.

Game seed: 5800072572179449075

63 Zonian the Magician (level 4, 0/31 HPs)
             Began as a Djinni Ice Elementalist on Nov 5, 2022.
             Killed from afar by Sigmund (8 damage)
             ... with a magic dart
             ... on level 2 of the Dungeon.
             The game lasted 00:03:32 (1910 turns).

Zonian the Magician (Djinni Ice Elementalist)       Turns: 1910, Time: 00:03:33

Health: 0/31       AC:  2    Str:  7    XL:     4   Next: 30%
Gold:   75         EV: 13    Int: 19    God:
                   SH:  0    Dex: 13

rFire   + + .      SeeInvis .    f - +1 flail (protect)
rCold   x . .      Faith    .    (no shield)
rNeg    . . .      Spirit   .    a - +0 robe
rPois   ∞          Reflect  .    (no helmet)
rElec   .          Harm     .    (no cloak)
rCorr   .          Rampage  .    (no gloves)
Will    .....                    (boots unavailable)
Stlth   +.........               (no amulet)
HPRegen 0.25/turn                (no ring)
MPRegen 0.00/turn                (no ring)

@: confused, flying
A: sickness immunity, fire resistance 2, cold vulnerability 1, float, innate
caster, HP casting, extra vitality 1
a: no special abilities


You were on level 2 of the Dungeon.
You visited 1 branch of the dungeon, and saw 2 of its levels.

You collected 75 gold pieces.

Inventory:

Hand Weapons
 c - a +0 dagger
 f - a +1 flail of protection (weapon)
Armour
 a - a +0 robe (worn)
Scrolls
 b - a scroll of enchant armour {unknown}
 g - 3 scrolls of noise {unknown}
 i - a scroll of identify {unknown}
 j - a scroll of immolation {unknown}
Potions
 e - a potion of heal wounds {unknown}
 h - a potion of berserk rage {unknown}


   Skills:
 + Level 3.2 Dodging
 + Level 2.5 Stealth
 + Level 3.6 Spellcasting


You couldn't memorise any spells.
You knew the following spells:

 Your Spells              Type           Power      Damage    Failure   Level
a - Freeze                Ice            68%        1d8       3%          1
b - Frozen Ramparts       Ice            34%        1d6       10%         3
c - Ozocubu's Armour      Ice            17%        N/A       10%         3
d - Summon Ice Beast      Ice/Summ       17%        N/A       30%         4
e - Foxfire               Conj/Fire      68%        2x1d7     3%          1
Your spell library was empty.

Dungeon Overview and Level Annotations

Branches:
Dungeon (2/15)

Altars:

Annotations:
D:2 Sigmund


Innate Abilities, Weirdness & Mutations

You are immune to sickness and miasma.
You are immune to poison.
Your flesh is very heat resistant. (rF++)
You are vulnerable to cold. (rC-)
You float through the air rather than walking.
You learn spells naturally, not from books.
Your magical power is your life essence.
You have superior vitality. (+4 MHP)


Message History

The magic dart hits you.
A frilled lizard comes into view.
Unknown command.
The foxfire hits Sigmund.
Sigmund is moderately wounded.
The foxfire hits Sigmund.
Sigmund is heavily wounded.
Unknown command.
Casting: Foxfire (safe; 3% risk of failure)
Confirm with . or Enter, or press ? or * to list all spells.
You conjure some foxfire!
Sigmund mumbles some strange words.
Sigmund flickers and vanishes!
Deactivating autopickup; reactivate with Ctrl-A.
Unknown command.
Your foxfire dissipates!
The foxfire hits something.
Unknown command.
You sock the rat!
Your weapon exudes an aura of protection.
You kill the rat!
Something hits you but does no damage.
You see here a rat corpse.
Unknown command.
Something hits you.
You closely miss something. You miss something. Something hits you.
You barely miss something.
You hear some strange, mumbled words.
You are confused.
Something hits you.
You closely miss something. Something hits you!
* * * LOW HITPOINT WARNING * * *
You bump into the rock wall.
Unknown command.
Something hits you but does no damage.
You hear some strange, mumbled words.
A magic dart appears from out of thin air!
The magic dart hits you!
You die...

.................
#....###....##...####
#....# #....##.......
#....# #..r.##.......
#....# #....##.......
#....# #....#......).
##....# #....#....###.
#.....###....#....###.
#....@................
#...†.{.....#.........
#...#.......#.........
#...#.......#.........
#...#.......#.........
#####.......#.........
#.......#.........
#.......#........#
#########........#


There were no monsters in sight!

Vanquished Creatures
  An adder (D:2)
  A gnoll (D:2)
  3 worms (D:2)
  A dart slug (D:1)
  4 ball pythons
  An endoplasm (D:1)
  2 giant cockroaches (D:1)
  4 goblins
  A hobgoblin (D:1)
  3 kobolds
  2 quokkas
  6 bats
  A frilled lizard (D:2)
  3 rats
33 creatures vanquished.

Vanquished Creatures (others)
  5 foxfires (D:2)
5 creatures vanquished.

Grand Total: 38 creatures vanquished

Notes
Turn   | Place    | Note
-------+----------+-------------------------------------------
     0 | D:1      | Zonian the Djinni Ice Elementalist began the quest for the
                  | Orb.
     0 | D:1      | Zonian set off with the following spells memorised: Freeze,
                  | Frozen Ramparts, Ozocubu's Armour, Summon Ice Beast.
     0 | D:1      | Reached XP level 1. HP: 15/15 MP: 0/0
    91 | D:1      | Reached XP level 2. HP: 9/21 MP: 0/0
   625 | D:1      | Reached XP level 3. HP: 23/25 MP: 0/0
   625 | D:1      | Learned a level 1 spell: Foxfire
   795 | D:1      | You are sucked into a shaft and drop 1 floor!
  1446 | D:2      | Reached XP level 4. HP: 21/31 MP: 0/0
  1872 | D:2      | Noticed Sigmund
  1910 | D:2      | Killed from afar by Sigmund

Illustrated notes

Levels and vault maps discovered:
D:1:      dpeg_arrival_tiny_i, layout_rooms
D:2:      minmay_chambers_of_ones, layout_basic, uniq_sigmund

Skill      XL: |  1  2  3 |
---------------+----------+-----
Stealth        | 2 |  2.5
Dodging        | 3 |  3.2
Spellcasting   | |  3.6

Action                   |  1- 3 |  4- 6 || total
-------------------------+-------+-------++-------
Melee: Unarmed           |     4 |       ||     4
       Dagger            |     3 |       ||     3
       Flail             |       |    14 ||    14
 Cast: Freeze            |    48 |     9 ||    57
       Foxfire           |       |     3 ||     3
  Use: Potion            |       |     2 ||     2
 Stab: Sleeping          |       |     1 ||     1
Armor: Robe              |     9 |     5 ||    14
Dodge: Dodged            |    36 |    15 ||    51

Table legend: (Time is in decaauts)
 A = Elapsed time spent in this place.
 B = Non-inter-level travel time spent in this place.
 C = Inter-level travel time spent in this place.
 D = Time resting spent in this place.
 E = Time spent auto-exploring this place.
 F = Levels seen in this place.
 G = Mean time per level.
                   A        B        C        D        E       F      G
               +--------+--------+--------+--------+--------+-----+--------+
         Total |   1914 |   1914 |      0 |    885 |    711 |   2 |  957.0 |
       Dungeon |   1914 |   1914 |      0 |    885 |    711 |   2 |  957.0 |
               +--------+--------+--------+--------+--------+-----+--------+

Top non-repeatable levels by time:
     D:2: 1119 daAuts
     D:1: 794 daAuts
